 Dungeon Crawl Stone Soup version 0.20.1-1-g8b1a95d (webtiles) character file.

197 raph the Chiller (level 5, -3/40 HPs)
             Began as a Draconian Ice Elementalist on Oct 24, 2017.
             Slain by a phantom (9 damage)
             ... on level 4 of the Dungeon.
             The game lasted 00:07:06 (3213 turns).

raph the Chiller (Draconian Ice Elementalist)       Turns: 3213, Time: 00:07:06

Health: -3/40      AC: 13    Str: 10    XL:     5   Next: 46%
Magic:  2/9        EV: 12    Int: 17    God:
Gold:   128        SH:  0    Dex: 11    Spells: 3/9 levels left

rFire    . . .     SeeInvis .   l - +0 dagger
rCold    . . .     Gourm    .   (no shield)
rNeg     + . .     Faith    .   (armour unavailable)
rPois    .         Spirit   .   (helmet restricted)
rElec    .         Reflect  .   (no cloak)
rCorr    .         Harm     .   (no gloves)
MR       .....                  (no boots)
Stlth    ++........             (no amulet)
Regen    0.2/turn               d - +3 ring of protection
MPRegen  0.2/turn               u - ring of positive energy

@: icy armour, slow
A: unfitting armour, cold-blooded, AC +5
a: no special abilities


You were on level 4 of the Dungeon.
You were not hungry.

You visited 1 branch of the dungeon, and saw 4 of its levels.

You collected 128 gold pieces.

Inventory:

Hand Weapons
 l - a +0 dagger (weapon)
Missiles
 i - 4 tomahawks (quivered)
Jewellery
 d - a +3 ring of protection (left hand)
 t - an uncursed ring of see invisible
 u - a ring of positive energy (right hand)
Scrolls
 e - 2 scrolls of recharging {unknown}
 f - a scroll of magic mapping {unknown}
 g - a scroll of teleportation {unknown}
 j - a scroll of random uselessness {unknown}
 k - a scroll of enchant weapon {unknown}
 m - a scroll of immolation {unknown}
 n - a scroll of noise {unknown}
 q - 2 scrolls of identify {unknown}
Potions
 h - 2 potions of curing
 o - 3 potions of ambrosia {unknown}
 s - a potion of resistance {unknown}
Books
 a - a book of Frost

   Spells                             Type                      Level
   a - Freeze                         Ice                          1
   b - Throw Frost                    Conjuration/Ice              2
   c - Ozocubu's Armour               Charms/Ice                   3
   d - Throw Icicle                   Conjuration/Ice              4
   e - Summon Ice Beast               Ice/Summoning                4
Comestibles
 b - 2 bread rations
 c - 3 fruits
 p - 2 meat rations


   Skills:
 + Level 1.4 Fighting
 + Level 2.2 Dodging
 + Level 2.6 Stealth
 + Level 2.9 Spellcasting
 - Level 1.0 Conjurations
 + Level 1.4 Charms
 * Level 4.3 Ice Magic


You had 3 spell levels left.
You knew the following spells:

 Your Spells              Type           Power        Failure   Level  Hunger
a - Freeze                Ice            ###.         3%          1    #......
b - Throw Frost           Conj/Ice       ##....       9%          2    ##.....
c - Ozocubu's Armour      Chrm/Ice       ##......     16%         3    ###....


Dungeon Overview and Level Annotations

Branches:
Dungeon (4/15)
 Temple: D:4-7

Altars:
Dithmenos
Fedhas
Zin
The Shining One

Annotations:
D:3 juanjsm's ghost, amateur SpEn


Innate Abilities, Weirdness & Mutations

Your plain brown scales are hard. (AC +5)
You cannot fit into any form of body armour.
You are cold-blooded and may be slowed by cold attacks.


Message History

The phantom closely misses you.
You closely miss the phantom. The phantom closely misses you.
You hit the phantom but do no damage.
The phantom hits you but does no damage.
You barely miss the phantom. The phantom hits you.
* * * LOW HITPOINT WARNING * * *
You hit the phantom.
The phantom is lightly damaged.
The phantom hits you.
* * * LOW HITPOINT WARNING * * *
You hit the phantom. You tail-slap the phantom.
The phantom is lightly damaged.
The phantom misses you.
You barely miss the phantom.
The phantom is lightly damaged.
The phantom hits you but does no damage.
You barely miss the phantom.
The phantom is lightly damaged.
The phantom hits you!
You die...

#############o.
#..W@..(.....#
#.##########.#
#.# .# #.#
########.####
#W#
#.(ยง.<...o...
#.#
#)###.##....#
#.# #.#
#.##..#.# #.#
#.# #W#.. #.#
#.# #.#.###


You could see a phantom.

Vanquished Creatures
  A scorpion (D:4)
  An orc wizard (D:4)
  3 adders
  3 oozes
  2 worms (D:2)
  3 leopard geckos
  3 orcs (D:4)
  2 ball pythons
  8 bats
  3 giant cockroaches
  5 goblins
  10 hobgoblins
  4 jackals (D:4)
  A quokka (D:2)
  5 frilled lizards
  6 kobolds
  9 rats
69 creatures vanquished.

Notes
Turn   | Place    | Note
-------+----------+-------------------------------------------
     0 | D:1      | raph the Draconian Ice Elementalist began the quest for the Orb.
     0 | D:1      | Reached XP level 1. HP: 14/14 MP: 3/3
   418 | D:1      | Reached XP level 2. HP: 18/20 MP: 0/5
   485 | D:1      | Learned a level 2 spell: Throw Frost
  1433 | D:2      | Reached XP level 3. HP: 27/27 MP: 3/6
  1513 | D:2      | Found a shadowy altar of Dithmenos.
  1721 | D:2      | Learned a level 3 spell: Ozocubu's Armour
  2077 | D:2      | Reached XP level 4. HP: 34/34 MP: 4/7
  2279 | D:2      | Found a blossoming altar of Fedhas.
  2457 | D:2      | Found a glowing golden altar of the Shining One.
  2457 | D:2      | Found a glowing silver altar of Zin.
  2701 | D:3      | Reached skill level 1 in Fighting
  2870 | D:3      | Reached skill level 4 in Ice Magic
  2999 | D:3      | Noticed juanjsm's ghost (amateur SpEn)
  3027 | D:4      | Noticed a phantom
  3042 | D:4      | Reached skill level 1 in Charms
  3042 | D:4      | Reached XP level 5. HP: 32/40 MP: 3/9
  3213 | D:4      | Slain by a phantom

Skill      XL: |  1  2  3  4 |
---------------+-------------+-----
Stealth        | 2 |  2.6
Fighting       | 1 |  1.4
Dodging        | 2 |  2.2
Ice Magic      | 4 |  4.3
Charms         | 1 |  1.4
Spellcasting   | |  2.9
Conjurations   | |  1.0

Action                   |  1- 3 |  4- 6 || total
-------------------------+-------+-------++-------
Melee: Unarmed           |    42 |       ||    42
       Tailslap          |     7 |     8 ||    15
       Dagger            |    34 |    85 ||   119
Throw: Tomahawk          |       |     4 ||     4
 Cast: Freeze            |    44 |    39 ||    83
       Throw Frost       |    11 |     6 ||    17
       Ozocubu's Armour  |       |     3 ||     3
 Stab: Sleeping          |       |     1 ||     1
  Eat: Chunk             |     5 |     5 ||    10
Armor: Skin              |    39 |    38 ||    77
Dodge: Dodged            |    66 |    81 ||   147
